TOP OF THE 1ST |
Stanford University Cardinal batting - Pitching for University of North Carolina at Chapel Hill Tar Heels : RHP Jayden Whittick
|
Pitching: RHP Jayden Whittick
|
|
Batting: RHB Brian Spry
|
0-0: Called Strike 0-1: Ball 1-1: Called Strike 1-2: Ball 2-2: Foul Ball, location: 2F 2-2: Ball 3-2: Strikes out looking
|
Batting: RHB John Van der Linden
|
0-0: Called Strike 0-1: Called Strike 0-2: Ball 1-2: Ground out 5-3 (Groundball, 56S, EV 85.6 MPH)
|
Batting: LHB Jason Duda
|
0-0: Ball 1-0: Called Strike 1-1: Ground out U3 (Groundball, 13, EV 89.4 MPH)
|
Top of the 1st over - 0 runs, 0 hits, 0 errors, 0 left on base; Stanford University 0 - University of North Carolina at Chapel Hill 0 |
BOTTOM OF THE 1ST |
University of North Carolina at Chapel Hill Tar Heels batting - Pitching for Stanford University Cardinal : LHP Marco Mendez
|
Pitching: LHP Marco Mendez
|
|
Batting: RHB Bill Atley
|
0-0: Foul Ball, location: 2F 0-1: Foul Ball, location: 2F 0-2: Foul Ball, location: 2F 0-2: Ball 1-2: Strikes out looking
|
Batting: RHB Mike Storey
|
0-0: Ground out 6-3 (Groundball, 6, EV 103.1 MPH)
|
Batting: RHB Jeremy Rollins
|
0-0: Ground out 1-3 (Groundball, 13S, EV 66.9 MPH)
|
Bottom of the 1st over - 0 runs, 0 hits, 0 errors, 0 left on base; Stanford University 0 - University of North Carolina at Chapel Hill 0 |
TOP OF THE 2ND |
Stanford University Cardinal batting - Pitching for University of North Carolina at Chapel Hill Tar Heels : RHP Jayden Whittick
|
Batting: LHB Danny Roberts
|
0-0: Ball 1-0: Foul Ball, location: 2F 1-1: Called Strike 1-2: Ball 2-2: Ground out 3-1 (Groundball, 34, EV 86.2 MPH)
|
Batting: RHB Nick Maxwell
|
0-0: Foul Ball, location: 2F 0-1: Called Strike 0-2: Fly out, F9 (Flyball, 9D, EV 98.8 MPH)
|
Batting: LHB Chien Sam
|
0-0: Ball 1-0: SINGLE (Flyball, 4D, EV 95.0 MPH)
|
Batting: RHB Teh-huai Jiang
|
0-0: Foul Ball, location: 2F 0-1: Fly out, F8 (Flyball, 78D, EV 90.0 MPH)
|
Top of the 2nd over - 0 runs, 1 hit, 0 errors, 1 left on base; Stanford University 0 - University of North Carolina at Chapel Hill 0 |
BOTTOM OF THE 2ND |
University of North Carolina at Chapel Hill Tar Heels batting - Pitching for Stanford University Cardinal : LHP Marco Mendez
|
Batting: SHB Ryan Marsh
|
0-0: Ball 1-0: Ball 2-0: SINGLE (Groundball, 6, EV 99.4 MPH)
|
Batting: SHB Sam Fredrick
|
0-0: Called Strike 0-1: Ball 1-1: Ball 2-1: Swinging Strike 2-2: Foul Ball, location: 2F 2-2: Foul Ball, location: 2F 2-2: Ball 3-2: Fly out, F3 (Popup, 3S, EV 63.1 MPH)
|
Batting: RHB Tan Halit
|
0-0: Ball 1-0: Called Strike 1-1: Fly out, F7 (Flyball, 7D, EV 89.4 MPH)
|
Batting: SHB Jim Saxon
|
0-0: Ball 1-0: Called Strike 1-1: Ball 2-1: Ball 3-1: Called Strike 3-2: Base on Balls Ryan Marsh to second
|
Batting: RHB Tony Jennings
|
0-0: Called Strike 0-1: Called Strike 0-2: Ball 1-2: Strikes out swinging
|
Bottom of the 2nd over - 0 runs, 1 hit, 0 errors, 2 left on base; Stanford University 0 - University of North Carolina at Chapel Hill 0 |
TOP OF THE 3RD |
Stanford University Cardinal batting - Pitching for University of North Carolina at Chapel Hill Tar Heels : RHP Jayden Whittick
|
Batting: LHB Bryan Davidson
|
0-0: Called Strike 0-1: Ball 1-1: Ball 2-1: SINGLE (Line Drive, 9S, EV 107.5 MPH)
|
Batting: RHB Josh Benefield
|
0-0: Called Strike 0-1: Ball 1-1: Swinging Strike 1-2: Fly out, F9 (Flyball, 9S, EV 91.9 MPH)
|
Batting: RHB Brian Spry
|
0-0: Foul Ball, location: 2F 0-1: Swinging Strike 0-2: Strikes out looking
|
Batting: RHB John Van der Linden
|
0-0: Called Strike 0-1: Ball 1-1: SINGLE (Groundball, 4MD, EV 98.8 MPH) Bryan Davidson to second Runner from 2nd tries for 3rd, SAFE, no throw by CF
|
Batting: LHB Jason Duda
|
0-0: Ball 1-0: Foul Ball, location: 2F 1-1: Ball 2-1: Swinging Strike 2-2: Ball 3-2: Foul Ball, location: 2F 3-2: Strikes out swinging
|
Top of the 3rd over - 0 runs, 2 hits, 0 errors, 2 left on base; Stanford University 0 - University of North Carolina at Chapel Hill 0 |
BOTTOM OF THE 3RD |
University of North Carolina at Chapel Hill Tar Heels batting - Pitching for Stanford University Cardinal : LHP Marco Mendez
|
Batting: RHB Brandon Wilson
|
0-0: Foul Ball, location: 2F 0-1: Called Strike 0-2: Foul Ball, location: 2F 0-2: Ball 1-2: Foul Ball, location: 2F 1-2: SINGLE (Groundball, 6D, EV 101.9 MPH)
|
Batting: RHB Bill Atley
|
0-0: Swinging Strike 0-1: Swinging Strike 0-2: Ball 1-2: Strikes out swinging
|
Batting: RHB Mike Storey
|
0-0: Called Strike 0-1: Ball 1-1: Foul Ball, location: 2F 1-2: Ball 2-2: Foul Ball, location: 2F 2-2: Fly out, F8 (Flyball, 8LXD, EV 94.4 MPH)
|
Batting: RHB Jeremy Rollins
|
0-0: Fielders Choice at 2nd, U6 (Groundball, 6M, EV 83.8 MPH)
|
Bottom of the 3rd over - 0 runs, 1 hit, 0 errors, 1 left on base; Stanford University 0 - University of North Carolina at Chapel Hill 0 |
TOP OF THE 4TH |
Stanford University Cardinal batting - Pitching for University of North Carolina at Chapel Hill Tar Heels : RHP Jayden Whittick
|
Batting: LHB Danny Roberts
|
0-0: Called Strike 0-1: Ball 1-1: Called Strike 1-2: Ball 2-2: Foul Ball, location: 2F 2-2: Ball 3-2: Foul Ball, location: 2F 3-2: Fly out, F7 (Flyball, 78S, EV 92.5 MPH)
|
Batting: RHB Nick Maxwell
|
0-0: Ball 1-0: Foul Ball, location: 2F 1-1: Called Strike 1-2: Ball 2-2: Ground out 6-3 (Groundball, 6MD, EV 105.6 MPH)
|
Batting: LHB Chien Sam
|
0-0: Ball 1-0: Hit by Pitch
|
Batting: RHB Teh-huai Jiang
|
0-0: Foul Ball, location: 2F 0-1: Ball 1-1: Swinging Strike 1-2: Ball 2-2: DOUBLE (Line Drive, 7LS, EV 103.1 MPH) Chien Sam to third Runner from 3rd tries for Home, SAFE, throw by LF to home
|
Batting: LHB Bryan Davidson
|
0-0: Called Strike 0-1: Ball 1-1: Swinging Strike 1-2: Strikes out swinging
|
Top of the 4th over - 1 run, 1 hit, 0 errors, 1 left on base; Stanford University 1 - University of North Carolina at Chapel Hill 0 |
BOTTOM OF THE 4TH |
University of North Carolina at Chapel Hill Tar Heels batting - Pitching for Stanford University Cardinal : LHP Marco Mendez
|
Batting: SHB Ryan Marsh
|
0-0: Swinging Strike 0-1: Ball 1-1: Fly out, F7 (Line Drive, 7LS, EV 94.4 MPH)
|
Batting: SHB Sam Fredrick
|
0-0: Called Strike 0-1: SINGLE (Groundball, 56D, EV 106.2 MPH)
|
Batting: RHB Tan Halit
|
0-0: Foul Ball, location: 2F 0-1: SINGLE (Line Drive, 8RS, EV 100.0 MPH) Sam Fredrick to second
|
Batting: SHB Jim Saxon
|
0-0: Fly out, F9 (Flyball, 9S, EV 83.1 MPH)
|
Batting: RHB Tony Jennings
|
0-0: Swinging Strike 0-1: Foul Ball, location: 2F 0-2: Ball 1-2: 3-RUN HOME RUN (Flyball, 9D, EV 96.2 MPH), Distance : 372 ft
|
Batting: RHB Brandon Wilson
|
0-0: Swinging Strike 0-1: Foul Ball, location: 2F 0-2: Ball 1-2: Foul Ball, location: 2F 1-2: Ball 2-2: Strikes out swinging
|
Bottom of the 4th over - 3 runs, 3 hits, 0 errors, 0 left on base; Stanford University 1 - University of North Carolina at Chapel Hill 3 |
TOP OF THE 5TH |
Stanford University Cardinal batting - Pitching for University of North Carolina at Chapel Hill Tar Heels : RHP Jayden Whittick
|
Batting: RHB Josh Benefield
|
0-0: Foul Ball, location: 2F 0-1: Ball 1-1: Ball 2-1: SINGLE (Groundball, 34D, EV 104.4 MPH)
|
Pitching: RHP Didier Pages
|
|
Batting: RHB Brian Spry
|
0-0: Foul Ball, location: 2F 0-1: Fly out, F8 (Line Drive, 8LM, EV 102.5 MPH)
|
Batting: RHB John Van der Linden
|
0-0: Ball 1-0: Ball 2-0: Called Strike 2-1: Swinging Strike 2-2: Strikes out swinging
|
Batting: LHB Jason Duda
|
0-0: Ground out 1-3 (Groundball, P, EV 65.0 MPH)
|
Top of the 5th over - 0 runs, 1 hit, 0 errors, 1 left on base; Stanford University 1 - University of North Carolina at Chapel Hill 3 |
BOTTOM OF THE 5TH |
University of North Carolina at Chapel Hill Tar Heels batting - Pitching for Stanford University Cardinal : LHP Marco Mendez
|
Batting: RHB Bill Atley
|
0-0: Called Strike 0-1: Ball 1-1: Ground out U3 (Groundball, 34S, EV 86.2 MPH)
|
Batting: RHB Mike Storey
|
0-0: Ball 1-0: Fly out, F9 (Flyball, 89S, EV 74.4 MPH)
|
Batting: RHB Jeremy Rollins
|
0-0: Ball 1-0: Swinging Strike 1-1: Ball 2-1: Ball 3-1: Foul Ball, location: 2F 3-2: Strikes out swinging
|
Bottom of the 5th over - 0 runs, 0 hits, 0 errors, 0 left on base; Stanford University 1 - University of North Carolina at Chapel Hill 3 |
TOP OF THE 6TH |
Stanford University Cardinal batting - Pitching for University of North Carolina at Chapel Hill Tar Heels : RHP Didier Pages
|
Batting: LHB Danny Roberts
|
0-0: Called Strike 0-1: Ball 1-1: Ball 2-1: Fly out, F5 (Popup, 5DF, EV 69.4 MPH)
|
Batting: RHB Nick Maxwell
|
0-0: Ball 1-0: Ball 2-0: Foul Ball, location: 2F 2-1: Called Strike 2-2: Foul Ball, location: 2F 2-2: Ball 3-2: DOUBLE (Groundball, 5L, EV 106.2 MPH)
|
Batting: LHB Chien Sam
|
0-0: Ball 1-0: Ball 2-0: Ball 3-0: Base on Balls
|
Pitching: RHP Vince Sumpter
|
|
Batting: RHB Teh-huai Jiang
|
0-0: Ball 1-0: Ball 2-0: Foul Ball, location: 2F 2-1: Fly out, F9 (Flyball, 9, EV 95.6 MPH)
|
Batting: LHB Bryan Davidson
|
0-0: Called Strike 0-1: Ball 1-1: Ball 2-1: Fly out, F3 (Popup, 3SF, EV 65.6 MPH)
|
Top of the 6th over - 0 runs, 1 hit, 0 errors, 2 left on base; Stanford University 1 - University of North Carolina at Chapel Hill 3 |
BOTTOM OF THE 6TH |
University of North Carolina at Chapel Hill Tar Heels batting - Pitching for Stanford University Cardinal : LHP Marco Mendez
|
Batting: SHB Ryan Marsh
|
0-0: SOLO HOME RUN (Flyball, 78XD, EV 109.4 MPH), Distance : 417 ft
|
Batting: SHB Sam Fredrick
|
0-0: Swinging Strike 0-1: Ball 1-1: Fly out, F9 (Flyball, 89D, EV 99.4 MPH)
|
Pitching: RHP Cam Hurley
|
|
Batting: RHB Tan Halit
|
0-0: Ball 1-0: Foul Ball, location: 2F 1-1: Called Strike 1-2: Ball 2-2: Fly out, F7 (Flyball, 7, EV 93.8 MPH)
|
Batting: SHB Jim Saxon
|
0-0: Ball 1-0: Ball 2-0: Called Strike 2-1: Foul Ball, location: 2F 2-2: Foul Ball, location: 2F 2-2: Ground out 4-3 (Groundball, 4S, EV 84.4 MPH)
|
Bottom of the 6th over - 1 run, 1 hit, 0 errors, 0 left on base; Stanford University 1 - University of North Carolina at Chapel Hill 4 |
TOP OF THE 7TH |
Stanford University Cardinal batting - Pitching for University of North Carolina at Chapel Hill Tar Heels : RHP Vince Sumpter
|
Batting: RHB Josh Benefield
|
0-0: Ball 1-0: Called Strike 1-1: Swinging Strike 1-2: Ball 2-2: Foul Ball, location: 2F 2-2: DOUBLE (Line Drive, 78D, EV 106.9 MPH)
|
Batting: RHB Brian Spry
|
0-0: Swinging Strike 0-1: Swinging Strike 0-2: Ball 1-2: Foul Ball, location: 2F 1-2: Strikes out looking
|
Batting: RHB John Van der Linden
|
0-0: Ground out U3 (Groundball, 13, EV 87.5 MPH) Josh Benefield to third
|
Batting: LHB Jason Duda
|
0-0: Ball 1-0: Ball 2-0: Ball 3-0: Called Strike 3-1: Base on Balls
|
Pitching: RHP Alex Aldaya
|
|
Batting: LHB Danny Roberts
|
0-0: Ball 1-0: Ball 2-0: Ball 3-0: Base on Balls Jason Duda to second
|
Batting: RHB Nick Maxwell
|
0-0: Ball 1-0: Ball 2-0: Reached via error on a dropped throw from SS, E4 (Groundball, 56, EV 106.2 MPH) Josh Benefield scores Jason Duda to third Danny Roberts to second
|
Batting: LHB Chien Sam
|
0-0: Called Strike 0-1: Fly out, F8 (Flyball, 8LM, EV 88.1 MPH)
|
Top of the 7th over - 1 run, 1 hit, 1 error, 3 left on base; Stanford University 2 - University of North Carolina at Chapel Hill 4 |
BOTTOM OF THE 7TH |
University of North Carolina at Chapel Hill Tar Heels batting - Pitching for Stanford University Cardinal : RHP Cam Hurley
|
Batting: RHB Tony Jennings
|
0-0: Ball 1-0: Called Strike 1-1: Ball 2-1: Foul Ball, location: 2F 2-2: Ball 3-2: Fly out, F9 (Flyball, 89M, EV 91.9 MPH)
|
Batting: RHB Brandon Wilson
|
0-0: Ball 1-0: Fly out, F8 (Line Drive, 8LD, EV 95.6 MPH)
|
Batting: RHB Bill Atley
|
0-0: Called Strike 0-1: Ball 1-1: Called Strike 1-2: Ball 2-2: Ball 3-2: Base on Balls
|
Batting: RHB Mike Storey
|
0-0: Called Strike 0-1: Foul Ball, location: 2F 0-2: Ball 1-2: Ball 2-2: Strikes out looking
|
Bottom of the 7th over - 0 runs, 0 hits, 0 errors, 1 left on base; Stanford University 2 - University of North Carolina at Chapel Hill 4 |
TOP OF THE 8TH |
Stanford University Cardinal batting - Pitching for University of North Carolina at Chapel Hill Tar Heels : RHP Alex Aldaya
|
Batting: RHB Teh-huai Jiang
|
0-0: Ball 1-0: Ball 2-0: Called Strike 2-1: Ball 3-1: Called Strike 3-2: Base on Balls
|
Batting: LHB Bryan Davidson
|
0-0: Foul Ball, location: 2F 0-1: Fielders Choice at 2nd, 3-6 (Groundball, 3, EV 90.0 MPH)
|
Batting: RHB Josh Benefield
|
0-0: Hit by Pitch Bryan Davidson to second
|
Batting: RHB Brian Spry
|
0-0: Ball 1-0: Fielders Choice at 2nd, 4-6 (Groundball, 34, EV 100.6 MPH) Bryan Davidson to third
|
Batting: RHB John Van der Linden
|
0-0: Foul Ball, location: 2F 0-1: Ball 1-1: Swinging Strike 1-2: Ball 2-2: Strikes out looking
|
Top of the 8th over - 0 runs, 0 hits, 0 errors, 2 left on base; Stanford University 2 - University of North Carolina at Chapel Hill 4 |
BOTTOM OF THE 8TH |
University of North Carolina at Chapel Hill Tar Heels batting - Pitching for Stanford University Cardinal : RHP Cam Hurley
|
Pitching: RHP Andy Swan
|
|
Batting: RHB Jeremy Rollins
|
0-0: Called Strike 0-1: Ball 1-1: Ball 2-1: Swinging Strike 2-2: Foul Ball, location: 2F 2-2: Ball 3-2: Base on Balls
|
Batting: SHB Ryan Marsh
|
0-0: Called Strike 0-1: Ball 1-1: Ball 2-1: Fly out, F6 (Popup, 6MS, EV 69.4 MPH)
|
Batting: SHB Sam Fredrick
|
0-0: Called Strike 0-1: Ball 1-1: Ball 2-1: Foul Ball, location: 2F 2-2: SINGLE (Groundball, 56S, EV 65.0 MPH) (infield hit) Jeremy Rollins to second
|
Batting: RHB Tan Halit
|
0-0: Ball 1-0: Called Strike 1-1: Called Strike 1-2: Ball 2-2: Ball 3-2: Strikes out swinging
|
Pitching: RHP Eddie Georges
|
|
Batting: SHB Jim Saxon
|
0-0: Fly out, F8 (Flyball, 8LD, EV 102.5 MPH)
|
Bottom of the 8th over - 0 runs, 1 hit, 0 errors, 2 left on base; Stanford University 2 - University of North Carolina at Chapel Hill 4 |
TOP OF THE 9TH |
Stanford University Cardinal batting - Pitching for University of North Carolina at Chapel Hill Tar Heels : RHP Alex Aldaya
|
Pitching: RHP Ted Hurley
|
|
Batting: LHB Jason Duda
|
0-0: Ball 1-0: Ball 2-0: Ball 3-0: Foul Ball, location: 2F 3-1: Foul Ball, location: 2F 3-2: DOUBLE (Flyball, 8LXD, EV 109.4 MPH)
|
Batting: LHB Danny Roberts
|
0-0: Ball 1-0: Ball 2-0: Ball Balk! Jason Duda to third 3-0: Base on Balls
|
Batting: RHB Nick Maxwell
|
0-0: Called Strike 0-1: TRIPLE (Line Drive, 78XD, EV 101.9 MPH) Jason Duda scores Danny Roberts scores
|
Batting: LHB Chien Sam
|
0-0: Intentional Walk
|
Batting: RHB Teh-huai Jiang
|
0-0: Called Strike 0-1: Ball 1-1: Foul Ball, location: 2F 1-2: Foul Ball, location: 2F 1-2: Strikes out swinging
|
Batting: LHB Bryan Davidson
|
0-0: 3-RUN HOME RUN (Flyball, 7LD, EV 93.1 MPH), Distance : 356 ft
|
Pitching: RHP Jason Kaelber
|
|
Batting: RHB Josh Benefield
|
0-0: Ball 1-0: Foul Ball, location: 2F 1-1: Ball 2-1: Ball 3-1: Base on Balls
|
Batting: RHB Brian Spry
|
0-0: Ball 1-0: Fielders Choice at 2nd, 5-4 (Groundball, 5, EV 88.8 MPH)
|
Batting: RHB John Van der Linden
|
0-0: Ball 1-0: Ball 2-0: Called Strike 2-1: Fielders Choice at 2nd, 5-4 (Groundball, 56, EV 101.2 MPH)
|
Top of the 9th over - 5 runs, 3 hits, 0 errors, 1 left on base; Stanford University 7 - University of North Carolina at Chapel Hill 4 |
BOTTOM OF THE 9TH |
University of North Carolina at Chapel Hill Tar Heels batting - Pitching for Stanford University Cardinal : RHP Eddie Georges
|
Pitching: LHP Larry Steen
|
|
Now in LF: Bryan Davidson
|
|
Now in CF: Joe Gabriel
|
|
Batting: RHB Tony Jennings
|
0-0: Ball 1-0: Ball 2-0: Called Strike 2-1: Foul Ball, location: 2F 2-2: Ball 3-2: Strikes out swinging
|
Batting: RHB Brandon Wilson
|
0-0: Called Strike 0-1: Ball 1-1: Ball 2-1: Ball 3-1: Fly out, F8 (Flyball, 8LM, EV 95.0 MPH)
|
Batting: RHB Bill Atley
|
0-0: Ball 1-0: Ball 2-0: DOUBLE (Line Drive, 8RD, EV 110.0 MPH)
|
Pitching: LHP Joe Alverson
|
|
Batting: RHB Mike Storey
|
0-0: Called Strike 0-1: Swinging Strike 0-2: Ball 1-2: Strikes out swinging
|
Bottom of the 9th over - 0 runs, 1 hit, 0 errors, 1 left on base; Stanford University 7 - University of North Carolina at Chapel Hill 4 |
|